 Dungeon Crawl Stone Soup version 0.32-a0-576-g706899e69d (webtiles) character file.

Game seed: 7185526721355373648

12016 BeKind the Fighter (level 11, -2/80 HPs)
             Began as an Octopode Fighter on Mar 1, 2024.
             Was a Priest of Qazlal.
             Shot with an arrow by a centaur warrior (26 damage)
             ... on level 12 of the Dungeon.
             The game lasted 00:22:14 (11497 turns).

BeKind the Fighter (Octopode Fighter)              Turns: 11497, Time: 00:22:15

Health: -2/80      AC:  1    Str: 28    XL:     11   Next: 86%
Magic:  22/22      EV: 20    Int: 14    God:    Qazlal [***...]
Gold:   839        SH: 10    Dex: 14    Spells: 18/24 levels left

rFire   . . .        y - +2 trident (vamp)
rCold   + . .        b - +0 buckler
rNeg    . . .        (helmet currently unavailable)
rPois   .            i - amulet of regeneration
rElec   .            h - +6 ring of strength
rCorr   .            n - ring of the Fool {Fly Will+ Int+2 SInv}
SInv    +            m - +6 ring of strength
Will    ++...        j - ring of willpower
Stlth   ++           B - ring of protection from cold
HPRegen 1.13/turn    D - +5 ring of evasion
MPRegen 0.18/turn    L - ring of wizardry
                     (no ring)

%: wizardry (x1)
@: beast-form, flying
A: beast (slay +0), almost no armour, amphibious, 8 rings, camouflage 1,
gelatinous body 1, (nimble swimmer 1), tentacles
a: Begin Untransformation, Renounce Religion, Upheaval, Elemental Force


You were on level 12 of the Dungeon.
You worshipped Qazlal.
Qazlal was most pleased with you.
You were a hulking beast.
You visited 2 branches of the dungeon, and saw 14 of its levels.
You also visited: Ice Cave.

You collected 839 gold pieces.

Inventory:

Hand Weapons
 a - a +0 trident
 y - a +2 vampiric trident (weapon)
Missiles
 o - 3 throwing nets (quivered)
Armour
 b - a +0 buckler (worn)
Jewellery
 h - a +6 ring of strength (left tentacle)
 i - an amulet of regeneration (around mantle)
 j - a ring of willpower (on tentacle)
 m - a +6 ring of strength (on tentacle)
 n - the ring of the Fool (right tentacle) {Fly Will+ Int+2 SInv}
   (You found it on level 3 of the Dungeon)

   [ring of see invisible]

   Int+2:     It affects your intelligence (+2).
   Will+:     It increases your willpower.
   SInv:      It lets you see invisible.
   Fly:       It grants you flight.
 v - a ring of willpower
 x - a ring of flight
 B - a ring of protection from cold (on tentacle)
 D - a +5 ring of evasion (on tentacle)
 E - an amulet of magic regeneration
 L - a ring of wizardry (on tentacle)
Talismans
 d - a beast talisman (active)
Wands
 l - a wand of mindburst (15)
 r - a wand of polymorph (8)
 t - a wand of paralysis (5)
 A - a wand of roots (16)
Scrolls
 c - 4 scrolls of immolation
 f - a scroll of fear
 k - 3 scrolls of blinking
 p - 2 scrolls of enchant weapon
 s - 4 scrolls of teleportation
 u - a scroll of noise
 w - a scroll of acquirement {unknown}
 z - a scroll of enchant armour
 C - 3 scrolls of fog
 G - 4 scrolls of amnesia
 H - a scroll of identify
 I - a scroll of torment {unknown}
 J - a scroll of poison {unknown}
Potions
 e - 3 potions of attraction
 q - a potion of cancellation
 F - 2 potions of haste {unknown}
 K - a potion of lignification
Miscellaneous
 g - a lightning rod (4/4)


   Skills:
 + Level 9.0 Fighting
 + Level 8.7 Polearms
 + Level 6.8 Dodging
 + Level 6.7 Shields
 + Level 7.4 Spellcasting
 + Level 6.3 Summonings
 + Level 4.7 Fire Magic


You had 18 spell levels left.
You knew the following spells:

 Your Spells              Type           Power      Damage    Failure   Level
a - Summon Small Mammal   Summ           92%        N/A       1%          1
b - Scorch                Fire           36%        2d6       1%          2
c - Call Canine Familiar  Summ           23%        N/A       1%          3

Your spell library contained the following spells:

 Spells                   Type           Power      Damage    Failure   Level
 Apportation              Tloc           10%        N/A       6%          1
 Necrotise                Necr           20%        1d5       6%          1
 Slow                     Hex            20%        N/A       6%          1
 Sting                    Conj/Alch      20%        1d4       6%          1
 Summon Blazeheart Golem  Fire/Summ      20%        N/A       6%          4
 Volatile Blastmotes      Fire/Tloc      22%        2d11      8%          3
 Blink                    Tloc           10%        N/A       10%         2
 Mercury Vapours          Alch/Air       10%        N/A       10%         2
 Confusing Touch          Hex            5%         N/A       19%         3
 Frozen Ramparts          Ice            10%        1d2       19%         3
 Fugue of the Fallen      Necr           5%         N/A       19%         3
 Mephitic Cloud           Conj/Alch/Air  5%         N/A       19%         3
 Ozocubu's Armour         Ice            5%         N/A       19%         3
 Sigil of Binding         Hex            5%         N/A       19%         3
 Tukima's Dance           Hex            5%         N/A       19%         3
 Vampiric Draining        Necr           5%         2d6       19%         3
 Flame Wave               Conj/Fire      11%        2d6       24%         4
 Animate Dead             Necr           5%         N/A       50%         4
 Fulminant Prism          Conj/Alch      2%         3d5       50%         4
 Iskenderun's Mystic Bla  Conj/Tloc      5%         2d3       50%         4
 Leda's Liquefaction      Alch/Erth      2%         N/A       50%         4
 Manifold Assault         Tloc           5%         N/A       50%         4
 Olgreb's Toxic Radiance  Alch           5%         N/A       50%         4
 Petrify                  Alch/Erth      5%         N/A       50%         4
 Vhi's Electric Charge    Tloc/Air       10%        N/A       50%         4
 Summon Cactus Giant      Summ           11%        N/A       52%         6
 Freezing Cloud           Conj/Ice/Air   2%         6-21      83%         5
 Metabolic Englaciation   Hex/Ice        2%         N/A       83%         5
 Ozocubu's Refrigeration  Ice            2%         4d8       100%        7
 Discord                  Hex            2%         N/A       100%        8


Dungeon Overview and Level Annotations

Branches:
Dungeon (13/15)            Temple (1/1) D:7            Lair (0/5) D:11
    Orc (0/2) D:11          IceCv (visited)
 Vaults: D:13-14

Altars:
Ashenzari
Cheibriados
Dithmenos
Elyvilon
Fedhas
Gozag
Hepliaklqana
Kikubaaqudgha
Makhleb
Nemelex Xobeh
Okawaru
Qazlal
Ru
Sif Muna
Trog
Uskayaw
Vehumet
Wu Jian
Xom
Yredelemnul
Zin
The Shining One

Shops:
D:5 :   D:6 :

Annotations:
D:13 1 transporter, Alealo Viph's ghost, journeyman TrFi


Innate Abilities, Weirdness & Mutations

You are a hulking beast.
Your limbs bulge with bestial killing power. (Slay +0)
You cannot wear most types of armour.
You are amphibious.
You can wear up to eight rings at the same time.
Your skin changes colour to match your surroundings (Stealth+).
Your rubbery body absorbs attacks. (AC +1, EV +1)
((You are camouflaged when in or above water. (Stealth+)))
You have tentacles for arms and can constrict up to eight enemies at once.


Message History

Things that are here:
a +0 orcbow; a +0 orcbow; a centaur skeleton
Things that are here:
2 large rocks; an ugly thing skeleton You see here a +0 pair of gloves.
You hear a shout!
A wraith comes into view.
The centaur warrior shoots an arrow.
The arrow misses you.
The centaur warrior shoots an arrow.
The arrow closely misses you.
You hit the wraith.
The wraith is lightly damaged.
The centaur warrior shoots an arrow.
The arrow hits you! You block the wraith's attack.
You puncture the wraith!
You squeeze the wraith, but do no damage.
The wraith is heavily damaged.
The centaur warrior shoots an arrow.
You block the arrow. The wraith misses you.
You closely miss the wraith.
The wraith is heavily damaged.
The wraith misses you.
You hit the wraith.
The wraith is severely damaged.
The centaur warrior shoots an arrow.
You block the arrow.
The wraith is engulfed in freezing vapours.
The wraith completely misses you.
You hit the wraith but do no damage.
The wraith is almost destroyed.
The centaur warrior shoots an arrow.
The arrow hits you!!
You hit the wraith.
You destroy the wraith!
Qazlal accepts your kill.
The centaur warrior shoots an arrow.
The arrow hits you!
The centaur warrior shoots an arrow.
You block the arrow.
You are too injured to fight recklessly!
You are too injured to fight recklessly!
The centaur warrior shoots an arrow.
The arrow hits you!
* * * LOW HITPOINT WARNING * * *
The centaur warrior shoots an arrow.
The arrow hits you!!
You die...

#.....##..###........#
....####...#..........#
#..... .e...#..........#
...###
.....##....)....## ...
...####...###....#### ##
...#......# ####....#
####.....#### #....#
#....☼......# #....#
###...h.......# #.....
#......#.......# #....#
#...c..........# #.....
...#####.......## #.#...
.. #............# #.#...
.....#########..###.##..
.## #......##..
#..##...... ##..##.##..


You could see a centaur warrior.

Vanquished Creatures
  A deep elf knight (D:12)
  An orc sorcerer (D:10)
  3 cyclopes
  2 ugly things
  A gargoyle (D:11)
  A kobold demonologist (D:10)
  An unseen horror (D:10)
  A komodo dragon (D:11)
  A hornet (D:9)
  Grinder (D:5)
  A vampire (D:9)
  Eustachio (D:5)
  3 yaks (D:9)
  3 wraiths
  2 wyverns (D:7)
  The ghost of cforsyth the Grave Robber, an amateur MDNe (D:3)
  A basilisk (D:9)
  A warg (D:11)
  2 steam dragons
  4 vampire mosquitoes (D:10)
  2 acid dragons
  A water moccasin (D:8)
  Duvessa (D:5)
  A sky beast (D:7)
  4 orc warriors
  2 ice beasts (D:5)
  3 black bears
  2 laughing skulls (D:12)
  An ogre (D:6)
  2 wolves (D:11)
  6 centaurs
  3 kobold brigands
  2 scorpions
  A gnoll sergeant (D:9)
  A bullfrog (D:8)
  11 wights
  Dowan (D:5)
  8 killer bees
  5 howler monkeys
  5 hounds
  3 gnoll boudas
  6 orc priests
  An iguana (D:4)
  Ijyb (D:5)
  Terence (D:2)
  11 orc wizards
  22 gnolls
  6 adders
  2 shadow imps
  16 white imps
  5 ufetubi
  3 dart slugs
  A ribbon worm (D:2)
  24 orcs
  5 bats
  5 endoplasms
  2 giant cockroaches
  8 goblins
  4 hobgoblins
  3 jackals (D:4)
  13 kobolds
  A quokka (D:3)
  2 frilled lizards
  7 rats
246 creatures vanquished.

Notes
Turn   | Place    | Note
-------+----------+-------------------------------------------
     0 | D:1      | BeKind the Octopode Fighter began the quest for the Orb.
     0 | D:1      | Reached XP level 1. HP: 16/16 MP: 1/1
   137 | D:1      | Reached XP level 2. HP: 21/21 MP: 2/2
   486 | D:1      | Learned a level 1 spell: Summon Small Mammal
   698 | D:2      | Reached XP level 3. HP: 25/26 MP: 3/3
   753 | D:2      | Noticed Terence
   763 | D:2      | Killed Terence
   764 | D:2      | Reached XP level 4. HP: 8/31 MP: 3/5
  1431 | D:3      | Reached skill level 1 in Spellcasting
  1746 | D:3      | Identified the ring of the Fool {Fly Will+ Int+2 SInv}
  1817 | D:3      | Reached XP level 5. HP: 24/37 MP: 6/6
  1851 | D:3      | Found a runed translucent door.
  1854 | D:3      | Noticed cforsyth's ghost (amateur MDNe)
  2511 | D:4      | Reached skill level 4 in Fighting
  2511 | D:4      | Reached XP level 6. HP: 26/43 MP: 8/8
  3208 | D:3      | Killed cforsyth's ghost
  3209 | D:3      | Reached XP level 7. HP: 49/49 MP: 10/10
  3258 | D:5      | Entered Level 5 of the Dungeon
  3291 | D:5      | Noticed Duvessa
  3301 | D:5      | Killed Duvessa
  3302 | D:5      | Noticed Dowan
  3313 | D:5      | Killed Dowan
  3378 | D:5      | Reached skill level 5 in Dodging
  3378 | D:5      | Reached XP level 8. HP: 17/54 MP: 12/12
  3425 | D:5      | Noticed Ijyb
  3645 | D:5      | Reached skill level 5 in Fighting
  3645 | D:5      | Reached skill level 5 in Shields
  3701 | D:5      | Found Qeimnuis's Book Emporium.
  3824 | D:6      | Found Iduisuil's Vocational Training.
  4243 | D:6      | Reached skill level 5 in Polearms
  4647 | D:5      | Killed Ijyb
  4655 | D:5      | Noticed Grinder
  4663 | D:5      | Killed Grinder
  4698 | D:5      | Reached XP level 9. HP: 45/62 MP: 15/15
  4758 | D:5      | Noticed Eustachio
  4776 | D:5      | Killed Eustachio
  4777 | D:5      | Reached skill level 6 in Fighting
  5273 | D:7      | You are sucked into a shaft and drop 2 floors!
  5303 | D:9      | Reached skill level 1 in Summonings
  5334 | D:9      | Found a runed translucent door.
  5334 | D:9      | Noticed a cyclops
  5347 | D:9      | Killed a cyclops
  5466 | D:7      | Found a staircase to the Ecumenical Temple.
  5476 | Temple   | Entered the Ecumenical Temple
  5508 | Temple   | Became a worshipper of Qazlal Stormbringer
  5593 | D:7      | Reached skill level 5 in Spellcasting
  5803 | D:7      | Identified the +7 dagger of Beogh's Approval {freeze,
                  | ^Drain rPois Will++ rCorr}
  5847 | D:7      | Reached skill level 7 in Fighting
  6275 | D:8      | Reached XP level 10. HP: 25/71 MP: 18/18
  6678 | D:8      | Reached * piety under Qazlal
  6747 | D:8      | Learned a level 2 spell: Scorch
  7567 | D:9      | Reached skill level 1 in Fire Magic
  7651 | D:9      | Paralysed by a hornet for 3 turns
  8606 | D:10     | Entered Level 10 of the Dungeon
  8617 | D:9      | Reached skill level 8 in Fighting
  8793 | D:10     | Found a burning altar of Makhleb.
  8818 | D:10     | Noticed an unseen horror
  8820 | D:10     | Reached ** piety under Qazlal
  8821 | D:10     | Reached skill level 5 in Summonings
  8824 | D:10     | Noticed a brown ugly thing
  8825 | D:10     | Killed an unseen horror
  8834 | D:10     | Killed a brown ugly thing
  8859 | D:10     | Reached XP level 11. HP: 70/77 MP: 21/21
  9418 | D:10     | Noticed an orc sorcerer
  9428 | D:10     | Killed an orc sorcerer
  9497 | D:10     | Got Sif Muna's Parchment of Aerial Gloom
  9517 | D:10     | Got the Vademecum on the Red Wayfarer
  9523 | D:10     | Got the Meditations on Inauspicious Hoarfrost
  9570 | D:11     | Noticed a cyclops
  9581 | D:10     | Killed a cyclops
  9943 | D:10     | Noticed a sixfirhy
  9956 | D:11     | Found a frozen archway.
  9988 | IceCv    | Entered an ice cave
 10223 | IceCv    | Learned a level 3 spell: Call Canine Familiar
 10383 | D:11     | Found a staircase to the Lair.
 10424 | D:11     | Reached *** piety under Qazlal
 10552 | D:11     | Found a staircase to the Orcish Mines.
 11013 | D:12     | Noticed a cyclops
 11015 | D:12     | Noticed a white ugly thing
 11019 | D:13     | Noticed Alealo Viph's ghost (journeyman TrFi)
 11019 | D:13     | Noticed a phantasmal warrior
 11019 | D:13     | Found a transporter.
 11025 | D:12     | Killed a white ugly thing
 11028 | D:12     | Killed a cyclops
 11333 | D:12     | Noticed a deep elf knight
 11339 | D:12     | Killed a deep elf knight
 11340 | D:12     | Reached skill level 9 in Fighting
 11351 | D:12     | Noticed a centaur warrior
 11351 | D:12     | Noticed a deep elf pyromancer
 11358 | D:12     | HP: 3/80 [centaur warrior/arrow (17)]
 11497 | D:12     | Shot with an arrow by a centaur warrior

Illustrated notes

Levels and vault maps discovered:
D:1:      dpeg_arrival_line_fractal, layout_basic, minmay_statues_item
D:2:      layout_loops_ring, minmay_tetromino_s2, uniq_terence
D:3:      layout_basic, ebering_ghost_reflecting_pool
D:4:      layout_rooms, nicolae_eternal_life, lexackson_kobold_supper
D:5:      layout_basic, serial_shops, shop, uniq_grinder, uniq_eustachio,
          uniq_ijyb, uniq_duvessa
D:6:      layout_basic, grunt_ministairs_1, nicolae_shop_vocational
D:7:      layout_basic, minmay_temple_entry_mist
D:8:      layout_rooms
D:9:      layout_gridville, minivault_13
D:10:     layout_basic, bloody_makhleb, statue_in_the_mist_lemuel,
          minmay_librarian
D:11:     layout_rooms, erik_lair_orcish_takeover, david_orc_2,
          portal_ice_cave_entry_imps
D:12:     minmay_stepped, layout_rooms
D:13:     layout_rooms, gammafunk_ghost_mausoleum, minivault_8, uniq_kirke,
          uniq_erolcha
Temple:   mainiacjoe_temple_hex_bubbles

Skill      XL: |  1  2  3  4  5  6  7  8  9 10 11 |
---------------+----------------------------------+-----
Spellcasting   | 1 2 3 4 5 6 7 |  7.4
Polearms       | 3 4 5 6 7 8 |  8.7
Fighting       | 4 5 7 8 9 |  9.0
Dodging        | 4 5 6 |  6.8
Shields        | 4 5 6 |  6.7
Summonings     | 3 5 6 |  6.3
Fire Magic     | 3 4 |  4.7

Action                     |  1- 3 |  4- 6 |  7- 9 | 10-12 || total
---------------------------+-------+-------+-------+-------++-------
  Melee: Trident           |    42 |   131 |   207 |   427 ||   807
         Constrict         |    11 |    18 |    35 |    63 ||   127
         Tentacles         |     5 |    15 |    45 |    72 ||   137
  Throw: Throwing net      |       |       |       |     1 ||     1
   Cast: Summon Small Mamm |       |       |     3 |       ||     3
         Scorch            |       |       |       |     3 ||     3
         Call Canine Famil |       |       |       |     1 ||     1
    Use: Potion            |     1 |     4 |     1 |     4 ||    10
         Scroll            |       |     5 |     4 |    10 ||    19
   Stab: Sleeping          |     4 |     7 |     7 |     1 ||    19
         Distracted        |       |     1 |     1 |       ||     2
 Armour: Skin              |    15 |    68 |   115 |   176 ||   374
  Dodge: Dodged            |    15 |    64 |   117 |   302 ||   498
  Block: Buckler           |     5 |    17 |    46 |   160 ||   228
   Form: Beast             |     1 |       |       |       ||     1

Table legend: (Time is in decaauts)
 A = Elapsed time spent in this place.
 B = Non-inter-level travel time spent in this place.
 C = Inter-level travel time spent in this place.
 D = Time resting spent in this place.
 E = Time spent auto-exploring this place.
 F = Levels seen in this place.
 G = Mean time per level.
                   A        B        C        D        E       F      G
               +--------+--------+--------+--------+--------+-----+--------+
         Total |  11532 |  10865 |    667 |   2094 |   6874 |  15 |  768.8 |
       Dungeon |  11194 |  10596 |    598 |   1864 |   6865 |  13 |  861.1 |
        Temple |     71 |      2 |     69 |      0 |      0 |   1 |   71.0 |
      Ice Cave |    266 |    266 |      0 |    230 |      9 |   1 |  266.0 |
               +--------+--------+--------+--------+--------+-----+--------+

Top non-repeatable levels by time:
     D:8: 1635 daAuts
    D:10: 1170 daAuts
     D:9: 1068 daAuts
     D:5: 1025 daAuts
     D:3: 976 daAuts
     D:6: 898 daAuts
     D:4: 888 daAuts
     D:7: 822 daAuts
     D:2: 736 daAuts
     D:1: 695 daAuts
    D:11: 649 daAuts
    D:12: 624 daAuts
   IceCv: 266 daAuts
  Temple: 71 daAuts
    D:13: 1 daAuts
